Map: Winter's Gate LE

Players

Caerwyn

  • Race: Terran Terran
  • Spawn Location: 5:00

Bioice - Winner!

  • Race: Zerg Zerg
  • Spawn Location: 11:00

VOD

Have the link to the VOD?

Description

Time

  • Played on: Sept. 6, 2019, 4:14 p.m.
  • Length: 6:06
Show
View Real Time Build Order
Export as new Build Order

Caerwyn Terran 

Build Orders: Reaper Expand 

Get SALT Encoding   

  12  0:03  SCV  
  13  0:15  SCV  
  13  0:18  Supply Depot  
  14  0:27  SCV  
  15  0:40  SCV  
  15  0:42  Barracks  
  16  0:46  Refinery  
  16  0:52  SCV  
  17  1:04  SCV  
  18  1:17  SCV  
  19  1:32  Reaper  
  20  1:33  Orbital Command  
  20  1:43  Command Center  
  20  1:54  Barracks  
  20  1:59  SCV  
  21  2:09  Barracks Reactor  
  21  2:12  SCV, Supply Depot  
  22  2:22  Refinery  
  22  2:28  Factory  
  22  2:30  SCV  
  23  2:41  Barracks Tech Lab  
  23  2:43  SCV  
  24  2:45  Marine x2  
  26  2:55  Orbital Command  
  26  2:56  SCV  
  27  3:01  Stimpack  
  27  3:04  Marine  
  28  3:07  Marine  
  28  3:10  Marine  
  30  3:13  SCV  
  30  3:18  Factory Reactor  
  31  3:21  SCV  
  31  3:22  Marine  
  31  3:24  Marine  
  34  3:33  SCV  
  34  3:34  Marine, SCV  
  36  3:39  Starport  
  37  3:44  Supply Depot  
  37  3:45  SCV  
  37  3:46  Marine x2  
  40  3:55  Marine  
  40  3:58  Hellion  
  40  3:59  Hellion  
  45  4:03  Marine  
  45  4:06  SCV x2  
  45  4:09  Marine, Supply Depot  
  48  4:17  Medivac, Armory  
  48  4:21  Hellion  
  52  4:29  Marine x2  
  52  4:30  Marine  
  52  4:31  Hellion  
  57  4:33  SCV x2  
  57  4:38  Supply Depot  
  61  4:45  Hellion  
  61  4:47  Medivac  
  61  4:49  Marine  
  61  4:50  Marine  
  61  4:51  Marine  
  66  4:59  SCV  
  69  5:09  Marine  
  69  5:10  Marine  
  69  5:13  Marine  
  74  5:15  SCV  
  74  5:20  Barracks  
  71  5:25  SCV  
  71  5:27  SCV, Medivac x2  
  77  5:28  Marine  
  77  5:31  Factory Tech Lab  
  78  5:37  Supply Depot  
Show
View Real Time Build Order
Export as new Build Order

Bioice Zerg - Winner!

Build Orders: Hatch First 

Get SALT Encoding   

  12  0:01  Drone  
  13  0:13  Overlord  
  13  0:16  Drone  
  14  0:31  Drone x2  
  16  0:48  Hatchery  
  15  0:51  Drone  
  15  0:55  Drone  
  17  0:59  Drone  
  18  1:05  Extractor  
  17  1:14  Spawning Pool  
  17  1:17  Drone  
  17  1:21  Drone  
  18  1:29  Drone  
  19  1:42  Drone  
  20  1:50  Drone  
  21  2:01  Queen x2  
  21  2:03  Zergling x4  
  27  2:16  Hatchery  
  27  2:21  Overlord  
  26  2:25  Metabolic Boost  
  26  2:29  Drone  
  27  2:31  Drone  
  28  2:40  Drone x3  
  31  2:46  Queen  
  33  2:53  Overlord  
  33  2:55  Drone  
  35  2:58  Drone x2  
  35  3:04  Overlord  
  36  3:12  Drone x4  
  40  3:15  Overlord  
  40  3:22  Queen  
  42  3:27  Drone x2  
  42  3:29  Drone  
  45  3:34  Queen  
  45  3:38  Queen  
  49  3:42  Drone  
  49  3:45  Drone x3  
  49  3:47  Drone  
  49  3:48  Drone  
  55  3:51  Drone x2  
  57  3:55  Drone  
  57  3:56  Drone  
  57  3:58  Spore Crawler  
  57  4:05  Drone  
  57  4:08  Drone x4  
  62  4:12  Drone  
  62  4:14  Drone  
  62  4:15  Drone x2  
  66  4:18  Overlord  
  66  4:21  Overlord  
  66  4:23  Lair  
  66  4:34  Roach Warren, Overlord  
  66  4:36  Extractor x2  
  63  4:44  Overlord  
  63  4:45  Drone x4  
  64  4:46  Drone x2  
  64  4:52  Zergling x2, Evolution Chamber  
  69  4:53  Zergling x12, Evolution Chamber  
  69  4:57  Baneling Nest  
  69  4:58  Zergling x2  
  74  5:04  Zergling x4  
  76  5:10  Zergling x8  
  80  5:14  Overlord  
  80  5:20  Zergling x2  
  81  5:26  Zergling x4  
  83  5:30  Zergling x2  
  83  5:35  Zergling x10  
  89  5:40  Baneling x12  
  89  5:41  Zergling x2, Baneling  
  89  5:42  Zergling x4  
  92  5:46  Zergling x4  
  92  5:47  Zergling x4  
  92  5:49  Baneling x2  
Tags
 
Add a new tag
Caveats
  • Supply blocks, unpowered buildings, or Contaminate may cause inaccurate times.
  • Supply counts are checked every 10 seconds.